 Dungeon Crawl Stone Soup version 0.31-a0-1164-geb876a39b7 (webtiles) character file.

Game seed: 15472659543251937848

218 senseless the Ruffian (level 5, -2/61 HPs)
             Began as a Demonspawn Shapeshifter on Dec 9, 2023.
             Slain by Grinder (6 damage)
             ... on level 3 of the Dungeon.
             The game lasted 00:06:02 (1860 turns).

senseless the Ruffian (Demonspawn Shapeshifter)     Turns: 1860, Time: 00:06:03

Health: -2/61      AC: 22    Str: 16    XL:     5   Next: 63%
Magic:  5/5        EV:  2    Int: 10    God:
Gold:   44         SH:  0    Dex: 13    Spells: 4/4 levels left

rFire   . .          .
                       - Unarmed
rCold   . . .        (no shield)
rNeg    . . .        e - melded +0 ring mail
rPois   +            (helmet currently unavailable)
rElec   .            (cloak currently unavailable)
rCorr   .            (gloves currently unavailable)
SInv    .            (boots currently unavailable)
Will    .....        (no amulet)
Stlth   +            (no ring)
HPRegen 0.30/turn    (no ring)
MPRegen 0.09/turn

%: no passive effects
@: tree-form
A: stationary, stasis, torment immunity, boosted hp, ignite blood 2
a: no special abilities


You were on level 3 of the Dungeon.
You were a tree.
You visited 1 branch of the dungeon, and saw 3 of its levels.

You collected 44 gold pieces.

Inventory:

Missiles
 o - a throwing net
Armour
 a - a +0 animal skin
 e - a +0 ring mail (melded)
 p - a +0 buckler
Talismans
 c - a beast talisman
 d - a flux talisman
Scrolls
 g - a scroll of fog {unknown}
 l - a scroll of enchant armour {unknown}
 m - a scroll of noise {unknown}
 n - a scroll of fear {unknown}
 q - a scroll of brand weapon {unknown}
 r - a scroll of teleportation {unknown}
Potions
 f - a potion of heal wounds {unknown}
 h - 2 potions of curing {unknown}
 i - a potion of haste {unknown}
 j - a potion of invisibility {unknown}
 k - a potion of mutation {unknown}


   Skills:
 * Level 3.3 Fighting
 + Level 1.6 Armour
 + Level 2.7 Dodging
 + Level 3.4 Unarmed Combat
 + Level 3.2 Shapeshifting


You had 4 spell levels left.
You didn't know any spells.
Your spell library contained the following spells:

 Spells                   Type           Power      Damage    Failure   Level
 Freeze                   Ice            0%         1d3       36%         1
 Slow                     Hex            0%         N/A       36%         1
 Confusing Touch          Hex            0%         N/A       75%         3
 Frozen Ramparts          Ice            0%         1d1       75%         3
 Hailstorm                Conj/Ice       0%         3d5       75%         3
 Sigil of Binding         Hex            0%         N/A       75%         3
 Vampiric Draining        Necr           0%         2d6       75%         3


Dungeon Overview and Level Annotations

Branches:
Dungeon (3/15)

Altars:

Shops:
D:1 ((=

Annotations:
D:3 Grinder


Innate Abilities, Weirdness & Mutations

You are a tree.
Your roots penetrate the ground, keeping you stationary.
You cannot be teleported.
You are immune to unholy pain and torment.
Your maximum health is greatly increased.
Your equipment is partially melded.
Your demonic aura often causes spilled blood to erupt in flames.


Message History

Grinder is nearby!
You start waiting.
Grinder is nearby!
You start waiting.
Grinder is nearby!
Found 9 gold pieces.
You punch Grinder!
Grinder is lightly wounded.
Grinder closely misses you.
You hit Grinder.
Grinder is moderately wounded.
Grinder gestures at you. Pain shoots through your body!
You hit Grinder but do no damage.
Grinder is moderately wounded.
Grinder hits you.
You writhe in agony.
You hit Grinder.
Grinder is moderately wounded.
Grinder hits you.
You closely miss Grinder.
Grinder is moderately wounded.
Grinder gestures at you. Pain shoots through your body!
* * * LOW HITPOINT WARNING * * *
You barely miss Grinder.
Grinder is moderately wounded.
Grinder hits you.
* * * LOW HITPOINT WARNING * * *
You writhe in agony.
* * * LOW HITPOINT WARNING * * *
Your transformation has ended.
You turn into a tree.
Your +0 ring mail melds into your body.
Your roots penetrate the ground.
Grinder completely misses you.
You barely miss Grinder.
Grinder is moderately wounded.
Grinder hits you.
* * * LOW HITPOINT WARNING * * *
You writhe in agony.
You die...
Grinder says, "Hey, I wasn't done torturing you yet!"

.###... .#...#...
#.....#.## #
........<###..#
.....#.......#
#...#...####.#
.###......#
#..#...#.#
#[..#..#♣#.##
..#.....5........
#...#.†).###....$.
.#......... .#####
..#..........#
.........####
.........##
##########


You could see Grinder.

Vanquished Creatures
  A black bear (D:2)
  4 gnolls (D:2)
  2 adders (D:2)
  2 worms (D:2)
  4 dart slugs
  7 bats
  2 endoplasms (D:2)
  3 giant cockroaches
  2 goblins
  12 hobgoblins
  2 quokkas
  4 ball pythons
  6 frilled lizards
  5 kobolds
  6 rats
62 creatures vanquished.

Notes
Turn   | Place    | Note
-------+----------+-------------------------------------------
     0 | D:1      | senseless the Demonspawn Shapeshifter began the quest for
                  | the Orb.
     0 | D:1      | Reached XP level 1. HP: 15/15 MP: 1/1
   109 | D:1      | Found Cirukarph's Jewellery Emporium.
   155 | D:1      | Gained mutation: Your demonic aura sometimes causes spilled
                  | blood to erupt in flames. [demonic ancestry]
   155 | D:1      | Reached XP level 2. HP: 19/21 MP: 2/2
   273 | D:1      | Found Teho's Antique Weapon Shop.
   302 | D:1      | Found Nugur's Antique Weapon Boutique.
   533 | D:1      | Gained mutation: Your demonic aura often causes spilled
                  | blood to erupt in flames. [demonic ancestry]
   533 | D:1      | Reached XP level 3. HP: 27/27 MP: 3/3
   576 | D:1      | Found Plog's Antique Armour Shoppe.
   858 | D:2      | Noticed a black bear
   874 | D:2      | Killed a black bear
   875 | D:2      | Reached skill level 1 in Armour
   875 | D:2      | Reached XP level 4. HP: 29/34 MP: 4/4
   965 | D:2      | Reached XP level 5. HP: 40/40 MP: 5/5
  1448 | D:2      | Found a faded altar of an unknown god.
  1832 | D:3      | Noticed Grinder
  1860 | D:3      | Slain by Grinder

Illustrated notes

Levels and vault maps discovered:
D:1:      lightli_arrival_noodles, layout_loops_ring, serial_shops,
          nicolae_square_shop, nicolae_shop_tiny_glass,
          nicolae_shop_tiny_statue_garden, nicolae_shop_real_fake_doors
D:2:      layout_loops_ring, dreamdust_ecumenical_altar_hidden_monk_grotto
D:3:      layout_basic, tgw_kikubaaqudgha, fedhas_altar_1, serial_shops,
          nicolae_lakefront_shop, minivault_19, minmay_splitting_lines,
          uniq_grinder

Skill      XL: |  1  2  3  4  5 |
---------------+----------------+-----
Dodging        | 2 |  2.7
Fighting       | 2 3 |  3.3
Armour         | 1 |  1.6
Unarmed Combat | 3 |  3.4
Shapeshifting  | 3 |  3.2

Action                     |  1- 3 |  4- 6 || total
---------------------------+-------+-------++-------
  Melee: Unarmed           |    94 |   113 ||   207
         Punch             |     1 |     2 ||     3
    Use: Potion            |       |     1 ||     1
 Armour: Ring mail         |    62 |    57 ||   119
         Skin              |       |     1 ||     1
  Dodge: Dodged            |    72 |    58 ||   130

Table legend: (Time is in decaauts)
 A = Elapsed time spent in this place.
 B = Non-inter-level travel time spent in this place.
 C = Inter-level travel time spent in this place.
 D = Time resting spent in this place.
 E = Time spent auto-exploring this place.
 F = Levels seen in this place.
 G = Mean time per level.
                   A        B        C        D        E       F      G
               +--------+--------+--------+--------+--------+-----+--------+
         Total |   1848 |   1802 |     46 |     54 |   1337 |   3 |  616.0 |
       Dungeon |   1848 |   1802 |     46 |     54 |   1337 |   3 |  616.0 |
               +--------+--------+--------+--------+--------+-----+--------+

Top non-repeatable levels by time:
     D:2: 959 daAuts
     D:1: 844 daAuts
     D:3: 44 daAuts
